 Dungeon Crawl Stone Soup version 0.24-a0-549-g45f0056d81 (webtiles) character file.

Game seed: 9443626713509201327

20815 Ijustatesigmund the Fighter (level 12, -11/154 HPs)
             Began as an Ogre Fighter on Aug 16, 2019.
             Was a High Priest of Okawaru.
             Killed from afar by a gargoyle (12 damage)
             ... with a stone arrow
             ... on level 12 of the Dungeon on Aug 19, 2019.
             The game lasted 00:32:09 (15429 turns).

Ijustatesigmund the Fighter (Ogre Fighter)         Turns: 15429, Time: 00:32:11

Health: -11/154    AC: 10    Str: 23    XL:     12   Next: 83%
Magic:  16/16      EV: 12    Int: 13    God:    Okawaru [*****.]
Gold:   709        SH: 14    Dex: 17    Spells: 8/11 levels left

rFire    + . .     SeeInvis +   w - +5 whip of Gluttony {slash, rF+ Dex+3}
rCold    . . .     Gourm    .   c - +1 shield
rNeg     . . .     Faith    .   b - +2 robe {Archmagi}
rPois    .         Spirit   .   (helmet restricted)
rElec    .         Reflect  +   C - +2 cloak
rCorr    .         Harm     .   (gloves unavailable)
MR       +....                  (boots unavailable)
Stlth    ++........             r - +3 amulet of reflection
HPRegen  0.35/turn              L - +2 ring of protection
MPRegen  0.15/turn              d - ring of see invisible

@: no status effects
A: large, unfitting armour, thin skeletal structure 1, clever 2, robust 1, tough
skin 1
a: Heroism, Finesse, Renounce Religion


You were on level 12 of the Dungeon.
You worshipped Okawaru.
Okawaru was extremely pleased with you.
You were not hungry.

You visited 3 branches of the dungeon, and saw 15 of its levels.
You also visited: Ossuary.

You collected 709 gold pieces.

Inventory:

Hand Weapons
 a - a +0 morningstar of venom
 w - the +5 whip of Gluttony (weapon) {slash, rF+ Dex+3}
   (You found it on level 4 of the Dungeon)

   It inflicts extra damage upon your enemies.
   It affects your dexterity (+3).
   It protects you from fire.
Missiles
 y - 6 boomerangs of dispersal (quivered)
 z - 4 silver boomerangs
 O - 7 curare-tipped darts
 P - 7 silver javelins
Armour
 b - a +2 robe of the Archmagi (worn)
 c - a +1 shield (worn)
 h - a scarf of repulsion
 C - a +2 cloak (worn)
Jewellery
 d - a ring of see invisible (right hand)
 e - an uncursed ring of flight
 j - an uncursed ring of positive energy
 m - an uncursed ring of fire
 q - an uncursed ring of fire
 r - a +3 amulet of reflection (around neck)
 G - an uncursed ring of ice
 L - a +2 ring of protection (left hand)
Wands
 p - a wand of disintegration (14)
 u - a wand of acid (4)
 v - a wand of enslavement (4)
 F - a wand of clouds (2)
 H - a wand of polymorph (4)
 K - a wand of iceblast (15)
Scrolls
 g - 2 scrolls of enchant armour
 i - 3 scrolls of immolation
 k - 3 scrolls of enchant weapon
 l - a scroll of fear
 x - 2 scrolls of remove curse
 D - 2 scrolls of amnesia
 N - a scroll of identify
Potions
 n - a potion of brilliance
 o - a potion of agility
 s - 3 potions of cancellation
 A - 2 potions of lignification
 I - 2 potions of magic
 J - a potion of mutation
 M - a potion of flight
Comestibles
 f - 14 rations


   Skills:
 + Level 14.5 Fighting
 * Level 12.6 Maces & Flails
 - Level 5.5 Dodging
 - Level 5.5 Shields
 + Level 4.7 Translocations
 + Level 6.6 Invocations


You had 8 spell levels left.
You knew the following spells:

 Your Spells              Type           Power        Failure   Level  Hunger
a - Apportation           Tloc           ###...       10%         1    ##.....
b - Blink                 Tloc           N/A          14%         2    ###....

Your spell library contained the following spells:

 Spells                   Type           Power        Failure   Level  Hunger
 Gell's Gravitas          Tloc           ###.......   28%         3    ####...
 Lesser Beckoning         Tloc           ###.......   28%         3    ####...
 Teleport Other           Tloc           ###.....     28%         3    ####...
 Shroud of Golubria       Chrm/Tloc      #.....       36%         2    ###....
 Animate Skeleton         Necr           N/A          54%         1    ##.....
 Pain                     Necr           #...         54%         1    ##.....
 Sting                    Conj/Pois      #...         54%         1    ##.....
 Portal Projectile        Hex/Tloc       #.....       58%         3    ####...
 Poisonous Vapours        Pois/Air       #.....       67%         2    ###....
 Throw Flame              Conj/Fire      #.....       67%         2    ###....
 Passage of Golubria      Tloc           N/A          67%         4    #####..
 Ignite Poison            Fire/Tmut/Pois #.......     88%         3    ####...
 Regeneration             Chrm/Necr      #.........   88%         3    ####...
 Vampiric Draining        Necr           #.........   88%         3    ####...
 Force Lance              Conj/Tloc      #.......     94%         4    #####..
 Animate Dead             Necr           N/A          99%         4    #####..
 Petrify                  Tmut/Erth      #.......     99%         4    #####..
 Bolt of Magma            Conj/Fire/Erth #.........   100%        5    ######.
 Fireball                 Conj/Fire      #.........   100%        5    ######.


Dungeon Overview and Level Annotations

Branches:
Dungeon (13/15)            Temple (1/1) D:5            Lair (1/6) D:8
    Orc (0/2) D:10
 Vaults: D:13-14

Altars:
Ashenzari
Cheibriados
Dithmenos
Elyvilon
Fedhas
Gozag
Hepliaklqana
Kikubaaqudgha
Makhleb
Nemelex Xobeh
Okawaru
Qazlal
Ru
Sif Muna
Trog
Uskayaw
Vehumet
Wu Jian
Xom
Yredelemnul
Zin
The Shining One

Shops:
D:6 :

Annotations:
D:11 7 runed translucent doors, exclusion: ice statue, Zero's ghost, journeyman GrBe


Innate Abilities, Weirdness & Mutations

You are too large for most types of armour.
You have tough skin. (AC +1)
You have a somewhat thin skeletal structure. (Dex +2, Stealth)
Your mind is very acute. (Int +4)
You are robust. (+10% HP)


Message History

You're too confused to move!
The gargoyle hurls a stone arrow at you.
The stone arrow hits you!! The wyvern skeleton closely misses you.
The purple ugly thing kicks you.
You bump into the rock wall.
The wyvern skeleton bites you but does no damage.
The gargoyle barely misses you. The purple ugly thing kicks you.
You're too confused to move!
The wyvern skeleton bites you.
The gargoyle hurls a stone arrow at you.
The stone arrow hits you!!
* * * LOW HITPOINT WARNING * * *
The purple ugly thing closely misses you.
The wyvern skeleton bites you.
* * * LOW HITPOINT WARNING * * *
You feel less confused. The purple ugly thing kicks you!
* * * LOW HITPOINT WARNING * * *
The gargoyle hurls a stone arrow at you.
The stone arrow hits you!
You die...

.##.###..###'##..##...###....
....#..................'#...
....#..................##..#
....#............########..#
....#.†..........#......#..#
....#............#......#..#
..######'#########Z........#
..######..##.....uZ.....)..#
...........#....@<######)##.....
...........#....)9#...#...# ...
.>.........#......#...'...# .
#####+###'##......#.#######
..............##'##.#####
..............#)....#...#
..............#...o.'...+
..............####..#..##
##########.......#######


You could see a purple ugly thing, a gargoyle, a wyvern skeleton and a centaur
warrior skeleton.

Vanquished Creatures
  Rupert (D:13)
  Josephine (D:10)
  Erica (D:10)
  3 two-headed ogres (D:11)
  Nergalle (D:10)
  2 unseen horrors
  Pikel (D:5)
  A deep elf mage (D:9)
  A cyclops (D:9)
  Maurice (D:10)
  Joseph (D:9)
  Psyche (D:10)
  A gargoyle (D:11)
  A troll (D:13)
  A hippogriff (D:9)
  A hornet (D:12)
  A slime creature (D:13)
  A flying skull (D:12)
  3 wraiths (D:10)
  A wyvern (D:13)
  14 yaks
  2 hungry ghosts (D:9)
  Grum (D:8)
  6 swamp worms (D:10)
  2 acid dragons
  4 porcupines (D:8)
  2 black bears
  6 orc warriors
  5 sky beasts
  9 ice beasts
  A necrophage (D:8)
  A phantom (D:6)
  6 ogres
  4 wolves (D:8)
  3 crocodiles (D:8)
  3 centaurs
  A big kobold (D:7)
  6 bullfrogs
  4 scorpions
  A water moccasin skeleton (D:9)
  5 wights
  2 howler monkeys
  2 centaur zombies
  7 crimson imps
  A quasit (D:9)
  7 hounds
  4 jellies
  5 orc priests
  2 centaur skeletons (D:8)
  2 bullfrog skeletons
  8 orc wizards
  2 iguanas
  9 worker ants
  6 big kobold zombies (Ossuary)
  A hound zombie (D:7)
  A hound skeleton (D:8)
  A mummy (Ossuary)
  A howler monkey zombie (D:11)
  A worker ant zombie (D:11)
  3 gnolls (D:9)
  11 adders
  A shadow imp (D:5)
  6 oozes
  2 adder skeletons
  An adder zombie (D:7)
  2 worms (D:2)
  2 dart slugs (D:2)
  5 leopard geckos
  31 orcs
  2 spectral bats (Ossuary)
  3 giant cockroaches
  6 gnoll zombies (Ossuary)
  8 goblins
  10 hobgoblins
  20 jackals
  5 quokkas
  A ball python (D:2)
  A ball python skeleton (D:4)
  6 bats
  3 bat simulacra (Ossuary)
  10 frilled lizards
  6 goblin simulacra (Ossuary)
  4 goblin zombies (Ossuary)
  A hobgoblin zombie (Ossuary)
  12 kobolds
  8 kobold zombies (Ossuary)
  5 orc zombies (Ossuary)
  3 rats
  3 spectral goblins (Ossuary)
  5 spectral rats (Ossuary)
359 creatures vanquished.

Vanquished Creatures (others)
  An orc wizard (D:12)
  An orc (D:10)
  A kobold (D:7)
  27 fungi (D:8)
  17 plants
47 creatures vanquished.

Grand Total: 406 creatures vanquished

Notes
Turn   | Place    | Note
-------+----------+-------------------------------------------
     0 | D:1      | Ijustatesigmund the Ogre Fighter began the quest for the
                  | Orb.
     0 | D:1      | Reached XP level 1. HP: 24/24 MP: 1/1
   320 | D:1      | Reached XP level 2. HP: 32/32 MP: 2/2
   873 | D:1      | Reached XP level 3. HP: 31/40 MP: 3/3
  2199 | D:2      | Reached XP level 4. HP: 47/49 MP: 4/4
  2409 | D:3      | Found a hazy altar of Hepliaklqana.
  2409 | D:3      | Found a shimmering altar of Xom.
  2413 | D:3      | Found a shattered altar of Ashenzari.
  2413 | D:3      | Found a snail-covered altar of Cheibriados.
  2640 | D:3      | Reached skill level 5 in Fighting
  2898 | D:4      | Noticed an ogre
  2968 | D:4      | Killed an ogre
  2968 | D:4      | Reached XP level 5. HP: 11/58 MP: 5/5
  3681 | D:4      | Reached XP level 6. HP: 45/67 MP: 6/6
  3786 | D:4      | Found an ancient bone altar of Kikubaaqudgha.
  3808 | D:4      | Reached skill level 6 in Fighting
  3938 | D:4      | Found a hide-covered altar of Uskayaw.
  3977 | D:4      | Reached skill level 5 in Maces & Flails
  4231 | D:4      | Reached XP level 7. HP: 52/76 MP: 7/7
  4439 | D:4      | Got a brightly glowing whip
  4440 | D:4      | Identified the +5 whip of Gluttony {slash, rF+ Dex+3} (You
                  | found it on level 4 of the Dungeon)
  4681 | D:4      | Found a stormy altar of Qazlal.
  4825 | D:5      | Entered Level 5 of the Dungeon
  4849 | D:5      | Reached skill level 7 in Fighting
  5079 | D:5      | Found a staircase to the Ecumenical Temple.
  5091 | Temple   | Entered the Ecumenical Temple
  5784 | D:5      | Reached XP level 8. HP: 87/87 MP: 8/8
  5794 | D:5      | Noticed Pikel
  5816 | D:5      | Killed Pikel
  5816 | D:5      | Reached skill level 8 in Fighting
  6656 | D:6      | Reached XP level 9. HP: 78/97 MP: 9/9
  6668 | D:6      | Found Yfap's Book Shop.
  6776 | D:6      | Found a sand-covered staircase.
  6801 | Ossuary  | Entered an ossuary
  7017 | Ossuary  | Reached skill level 9 in Fighting
  7631 | D:6      | Found an opulent altar of Gozag.
  8027 | D:7      | Found a shimmering blue altar of Sif Muna.
  8066 | D:7      | Reached skill level 5 in Dodging
  8066 | D:7      | Reached skill level 5 in Shields
  8932 | D:7      | Upgraded the game from 0.24-a0-537-g2d01d4ab0a to
                  | 0.24-a0-549-g45f0056d81
  9092 | D:7      | Reached skill level 10 in Fighting
  9545 | D:7      | Reached XP level 10. HP: 102/111 MP: 10/10
  9899 | D:8      | Reached skill level 11 in Fighting
 10042 | D:8      | Noticed Grum
 10070 | D:8      | Killed Grum
 10147 | D:8      | Found a staircase to the Lair.
 10187 | Lair:1   | Entered Level 1 of the Lair of Beasts
 10455 | D:8      | Reached skill level 12 in Fighting
 10457 | D:8      | Found a radiant altar of Vehumet.
 10601 | D:8      | Gained mutation: Your mind is acute. (Int +2) [potion of
                  | mutation]
 10601 | D:8      | Gained mutation: You have a somewhat thin skeletal
                  | structure. (Dex +2, Stealth) [potion of mutation]
 10601 | D:8      | Gained mutation: You are robust. (+10% HP) [potion of
                  | mutation]
 10601 | D:8      | Gained mutation: Your mind is very acute. (Int +4) [potion
                  | of mutation]
 10645 | D:8      | Found a bloodstained altar of Trog.
 10840 | D:9      | Noticed Joseph
 10858 | D:9      | Killed Joseph
 11056 | D:9      | Noticed an unseen horror
 11086 | D:9      | Killed an unseen horror
 11086 | D:9      | Reached skill level 10 in Maces & Flails
 11296 | D:9      | Found an iron altar of Okawaru.
 11324 | D:9      | Reached XP level 11. HP: 135/135 MP: 11/11
 11329 | D:9      | Became a worshipper of Warmaster Okawaru
 11479 | D:9      | Reached skill level 1 in Invocations
 11497 | D:9      | Noticed a deep elf mage
 11497 | D:9      | Noticed a cyclops
 11514 | D:9      | Killed a cyclops
 11531 | D:9      | Reached * piety under Okawaru
 11537 | D:9      | Killed a deep elf mage
 11537 | D:9      | Reached skill level 13 in Fighting
 11554 | D:9      | Identified the Almanac of the Scorching Voyage
 11554 | D:9      | Identified the Collected Works on Shifting Toxins
 11558 | D:9      | Learned a level 1 spell: Apportation
 11669 | D:10     | Entered Level 10 of the Dungeon
 12009 | D:10     | Learned a level 2 spell: Blink
 12024 | D:10     | Noticed Psyche
 12032 | D:9      | Reached ** piety under Okawaru
 12104 | D:10     | Killed Psyche
 12148 | D:10     | Reached skill level 1 in Translocations
 12197 | D:10     | Found a staircase to the Orcish Mines.
 12198 | D:10     | Noticed Josephine
 12230 | D:10     | Killed Josephine
 12778 | D:10     | Noticed Erica
 12787 | D:10     | Noticed Nergalle
 12789 | D:10     | Killed Erica
 12789 | D:10     | Reached *** piety under Okawaru
 12790 | D:10     | Noticed Maurice
 12873 | D:10     | Killed Nergalle
 12893 | D:10     | Killed Maurice
 12893 | D:10     | Reached XP level 12. HP: 52/150 MP: 15/15
 13235 | D:11     | Reached **** piety under Okawaru
 13250 | D:11     | Found a huge runed translucent gate.
 13250 | D:11     | Found a huge runed translucent gate.
 13250 | D:11     | Found a huge runed translucent gate.
 13250 | D:11     | Found a huge runed translucent gate.
 13389 | D:11     | Noticed a two-headed ogre
 13404 | D:11     | Reached skill level 5 in Invocations
 13430 | D:11     | Killed a two-headed ogre
 13594 | D:11     | Reached skill level 14 in Fighting
 13772 | D:11     | Noticed a two-headed ogre
 13779 | D:11     | Noticed a two-headed ogre
 13784 | D:11     | Killed a two-headed ogre
 13784 | D:11     | Reached ***** piety under Okawaru
 13784 | D:11     | Received a gift from Okawaru
 13791 | D:11     | Killed a two-headed ogre
 14148 | D:11     | Found a runed translucent gate.
 14149 | D:11     | Found a runed translucent gate.
 14225 | D:11     | Found a runed translucent gate.
 14226 | D:11     | Noticed an 11-headed hydra
 14226 | D:11     | Noticed Zero's ghost (journeyman GrBe)
 14226 | D:11     | You fall into a shaft and drop 2 floors!
 14227 | D:13     | Noticed Rupert
 14286 | D:13     | Killed Rupert
 14790 | D:13     | Noticed a vault guard
 14790 | D:13     | Noticed a vault guard
 14795 | D:13     | Noticed a tengu warrior
 14798 | D:13     | Noticed a vault guard
 14803 | D:13     | Noticed a vault guard
 15395 | D:12     | Received a gift from Okawaru
 15429 | D:12     | HP: 1/154 [purple ugly thing (17)]
 15429 | D:12     | Killed from afar by a gargoyle

Levels and vault maps discovered:
D:1:      nzn_arrival_crosshair, layout_loops_ring
D:2:      layout_loops_cross, hangedman_decor_diamond_cutter
D:3:      layout_basic, grunt_temple_overflow_open
D:4:      layout_loops_ring, grunt_qazlal_clouds, kiku_gazebo_pond_becter,
          eat_drink_and_be_merry_uskayaw
D:5:      layout_loops_corners, temple_green, first_ration, uniq_pikel
D:6:      layout_layer_cave, grunt_gozag_breadcrumbs,
          nicolae_ossuary_entry_monument, serial_shops, shop
D:7:      layout_loops_cross, basic_altar
D:8:      layout_gridville, kennysheep_mini, vehumet_crystals,
          due_lair_maze_entry_diamond, uniq_grum
D:9:      minmay_the_grid_triangle_9x9_recursive_2
          [minmay_the_grid_triangle_9x9_prize_top_heavy,
          minmay_the_grid_triangle_9x9_zippers_vertical,
          minmay_the_grid_triangle_9x9_pentomino_pain,
          minmay_the_grid_triangle_9x9_warning], layout_cross,
          okawaru_metal_pillars_1_2, hangedman_little_slice_of_home,
          minmay_joined_circles, uniq_joseph
D:10:     layout_rooms, david_orc_2, worms_lemuel, uniq_maurice, uniq_nergalle,
          uniq_josephine, uniq_psyche, uniq_erica
D:11:     lemuel_bear_cage, layout_basic, gammafunk_ghost_hydra_chop,
          minivault_15
D:12:     hangedman_screamer, layout_gridville, uniq_erolcha, uniq_gastronok
D:13:     layout_gridville, lightli_vaults_fourway_checkpoint, basic_altar,
          introduction_to_nature_2, uniq_rupert
Temple:   bh_familiar_temple
Lair:1:   layout_small_grid

Skill      XL: |  1  2  3  4  5  6  7  8  9 10 11 12 |
---------------+-------------------------------------+-----
Maces & Flails | 2 3 4 5 6 8 10 11 12 | 12.6
Fighting       | 5 6 7 8 10 12 13 14 | 14.5
Dodging        | 3 4 5 |  5.5
Shields        | 3 4 5 |  5.5
Invocations    | 4 6 |  6.6
Translocations | 2 4 |  4.7

Action                   |  1- 3 |  4- 6 |  7- 9 | 10-12 || total
-------------------------+-------+-------+-------+-------++-------
Melee: Flail             |   157 |   137 |    10 |       ||   304
       Whip              |       |       |   469 |   872 ||  1341
       Unarmed           |       |       |       |    21 ||    21
Invok: Heroism           |       |       |       |     6 ||     6
Evoke: Wand              |       |     1 |     3 |    18 ||    22
  Use: Scroll            |     8 |     3 |    10 |     9 ||    30
       Potion            |       |       |     6 |    10 ||    16
 Stab: Sleeping          |     2 |     2 |    12 |     7 ||    23
       Confused          |       |       |       |     5 ||     5
       Distracted        |       |       |       |     1 ||     1
  Eat: Chunk             |     4 |     3 |     6 |     9 ||    22
       Ration            |       |     1 |     4 |     3 ||     8
Armor: Robe              |    55 |    35 |    34 |   106 ||   230
       Skin              |       |       |       |     3 ||     3
Dodge: Dodged            |    52 |    60 |   111 |   237 ||   460
Block: Shield            |    92 |    99 |   233 |   414 ||   838
       Reflection        |       |       |     1 |    14 ||    15

Table legend:
 A = Non-vault XP
 B = Vault XP
 C = Vault XP percentage of total XP
 D = Non-vault monster count
 E = Vault monster count
 F = Vault count percentage of total count
                 A         B        C        D         E       F
            +---------+---------+-------+---------+---------+-------
      Total |   14799 |   14938 |  50.2 |     241 |     119 |  33.1
            +---------+---------+-------+---------+---------+-------
        D:1 |      41 |       0 |   0.0 |      21 |       0 |   0.0
        D:2 |      40 |       0 |   0.0 |      18 |       0 |   0.0
        D:3 |     101 |       0 |   0.0 |      26 |       0 |   0.0
        D:4 |     594 |       0 |   0.0 |      24 |       0 |   0.0
        D:5 |     543 |     617 |  53.2 |      17 |       1 |   5.6
        D:6 |     608 |       0 |   0.0 |       9 |       0 |   0.0
        D:7 |    2083 |       0 |   0.0 |      41 |       0 |   0.0
        D:8 |     761 |    1769 |  69.9 |      12 |      15 |  55.6
        D:9 |    1048 |    3406 |  76.5 |      14 |      29 |  67.4
       D:10 |    1030 |    5635 |  84.5 |      18 |      21 |  53.8
       D:11 |    6865 |       0 |   0.0 |      33 |       0 |   0.0
       D:12 |     542 |     223 |  29.2 |       5 |       1 |  16.7
       D:13 |     543 |    3065 |  85.0 |       3 |       2 |  40.0
    Ossuary |       0 |     223 | 100.0 |       0 |      50 | 100.0
            +---------+---------+-------+---------+---------+-------
